 Dungeon Crawl Stone Soup version 0.28-a0-429-g1448048969 (webtiles) character file.

Game seed: 5842889062822592899

2487 omnomnOMINOUS the Cruncher (level 9, -1/62 HPs)
             Began as an Octopode Wanderer on Sept 12, 2021.
             Was a High Priest of Fedhas.
             Slain by an orc (5 damage)
             ... on level 7 of the Dungeon.
             The game lasted 00:24:42 (11935 turns).

omnomnOMINOUS the Cruncher (Octopode Wanderer)     Turns: 11935, Time: 00:24:43

Health: -1/62      AC:  1    Str: 14    XL:     9   Next: 52%
Magic:  9/9        EV: 14    Int: 26    God:    Fedhas [*****.]
Gold:   323        SH:  0    Dex: 10    Spells: 6/8 levels left

rFire   . . .      SeeInvis .   a - +2 quarterstaff
rCold   + . .      Faith    .   (shield currently unavailable)
rNeg    . . .      Spirit   .   (helmet restricted)
rPois   .          Reflect  .   (no amulet)
rElec   .          Harm     .   f - +6 ring of intelligence
rCorr   +          Rampage  .   y - ring of resist corrosion
Will    .....                   (no ring)
Stlth   +++.......              (no ring)
HPRegen 0.20/turn               (no ring)
MPRegen 0.11/turn               (no ring)
                                (no ring)
                                (no ring)

@: mighty, attractive
A: almost no armour, amphibious, 8 rings, camouflage 1, gelatinous body 1,
(nimble swimmer 1), tentacles, fangs 1, clever 2, cold resistance 1, noise
suppression
a: Renounce Religion, Wall of Briars, Grow Ballistomycete, Overgrow, Grow Oklob


You were on level 7 of the Dungeon.
You worshipped Fedhas.
Fedhas was extremely pleased with you.
You visited 2 branches of the dungeon, and saw 11 of its levels.
You also visited: Sewer.

You collected 323 gold pieces.

Inventory:

Hand Weapons
 a - a +2 quarterstaff (weapon)
 b - a +3 dagger
 c - a +2 dagger of venom
 E - a +5 spear
Jewellery
 d - an amulet of guardian spirit
 f - a +6 ring of intelligence (left tentacle)
 m - an amulet of reflection
 y - a ring of resist corrosion (right tentacle)
Wands
 v - a wand of polymorph (8)
 B - a wand of iceblast (8)
Scrolls
 e - 4 scrolls of enchant weapon {unknown}
 g - 12 scrolls of identify {unknown}
 h - a scroll of magic mapping {unknown}
 i - a scroll of noise {unknown}
 j - 3 scrolls of blinking {unknown}
 n - 2 scrolls of torment {unknown}
 p - a scroll of vulnerability {unknown}
 s - a scroll of amnesia {unknown}
 x - 3 scrolls of enchant armour
Potions
 k - 6 potions of curing
 l - a potion of ambrosia {unknown}
 o - a potion of heal wounds {unknown}
 r - 2 potions of cancellation
 t - 2 potions of magic
 u - a potion of attraction
 z - a potion of haste {unknown}
 C - a potion of might
 D - a potion of flight {unknown}


   Skills:
 + Level 6.1 Fighting
 + Level 9.6 Staves
 - Level 2.0 Bows
 + Level 6.1 Dodging
 - Level 4.0 Stealth
 + Level 0.3 Spellcasting
 * Level 0.6 Conjurations


You had 6 spell levels left.
You knew the following spells:

 Your Spells              Type           Power      Damage    Failure   Level
a - Searing Ray           Conj           6%         2d4       14%         2

Your spell library contained the following spells:

 Spells                   Type           Power      Damage    Failure   Level
 Magic Dart               Conj           12%        1d3       10%         1
 Animate Skeleton         Necr           0%         N/A       13%         1
 Pain                     Necr           0%         1d4       13%         1
 Gell's Gravitas          Tloc           0%         N/A       36%         3
 Lesser Beckoning         Tloc           0%         N/A       36%         3
 Teleport Other           Tloc           0%         N/A       36%         3
 Vampiric Draining        Necr           0%         2d6       36%         3
 Fulminant Prism          Conj/Hex       0%         3d6       73%         4
 Chain Lightning          Conj/Air       0%         2d1       100%        9
 Fire Storm               Conj/Fire      0%         6d1       100%        9
 Shatter                  Erth           0%         3d5*      100%        9


Dungeon Overview and Level Annotations

Branches:
Dungeon (10/15)            Temple (1/1) D:5             Orc (0/2) D:10
  Sewer (visited)
   Lair: D:8-11

Altars:
Ashenzari
Cheibriados
Dithmenos
Elyvilon
Fedhas
Gozag
Hepliaklqana
Makhleb
Nemelex Xobeh
Okawaru
Qazlal
Ru
Sif Muna
Uskayaw
Vehumet
Wu Jian
Xom
Zin
The Shining One

Annotations:
D:7 Maggie
D:8 Maurice


Innate Abilities, Weirdness & Mutations

You cannot wear most types of armour.
You are amphibious.
You can wear up to eight rings at the same time.
Your skin changes colour to match your surroundings (Stealth+).
Your rubbery body absorbs attacks. (AC +1, EV +1)
((You are camouflaged near water. (Stealth+)))
You have tentacles for arms and can constrict up to eight enemies at once.
You have very sharp teeth.
Your mind is very acute. (Int +4)
Your flesh is cold resistant. (rC+)
You passively dampen the noise of your surroundings.


Message History

You hit the orc.
The orc is moderately wounded.
The orc hits you with a +0 whip.
* * * LOW HITPOINT WARNING * * *
The orc hits you but does no damage.
Unknown command.
You closely miss the orc.
The orc is moderately wounded.
The orc hits you with a +0 flail.
* * * LOW HITPOINT WARNING * * *
The orc hits you but does no damage. The orc barely misses you.
The orc hits you but does no damage.
Unknown command.
It was a potion of cancellation.
Your magical effects are unravelling.
You feel magically purged.
You feel less wooden. The orc hits you with a +0 flail.
* * * LOW HITPOINT WARNING * * *
The orc barely misses you. x2
The orc hits you with a +1 whip of electrocution!
* * * LOW HITPOINT WARNING * * *
You feel better. The orc barely misses you. The orc hits you with a +0 whip.
* * * LOW HITPOINT WARNING * * *
The orc closely misses you.
The orc hits you with a +1 whip of electrocution.
* * * LOW HITPOINT WARNING * * *
It was a potion of attraction.
You feel attractive to monsters. The orc misses you.
The orc closely misses you. The orc hits you with a +0 falchion.
* * * LOW HITPOINT WARNING * * *
The orc barely misses you. The orc priest is attracted toward you.
It was a potion of might.
You feel very mighty all of a sudden. The orc hits you with a +0 flail.
* * * LOW HITPOINT WARNING * * *
The orc hits you with a +0 whip.
You die...
Fedhas appreciates your contribution to the ecosystem.

......<...##≈Z..≈#
..........##≈...≈#
.....o.<.>##≈...≈#
...........#≈...≈######
..........## ....#
#########.#.# .....
.....c.(.o..# .....
......###)o.#######.....
......o@#...............
......oooo§.............
........................
........#)...)..[.......
...=....)#.......#.....#
....############...##...
...# #..#...... ###
##........ ##..#....


You could see an orc priest and 4 orcs.

Vanquished Creatures
  A steam dragon (D:10)
  Duvessa (D:4)
  A black bear (D:4)
  A sky beast (D:7)
  2 ogres
  4 centaurs
  A bullfrog (Sewer)
  A water moccasin zombie (D:5)
  4 scorpions
  Dowan (D:4)
  3 wights
  A howler monkey (D:5)
  2 centaur zombies
  2 bullfrog zombies
  2 hounds
  3 jellies (D:5)
  2 orc priests (D:6)
  4 iguanas
  2 scorpion zombies (D:3)
  5 orc wizards
  A hound zombie (D:3)
  3 hound skeletons
  A howler monkey zombie (D:3)
  3 gnolls (D:4)
  9 adders
  A shadow imp (D:7)
  An ufetubus (D:5)
  An adder zombie (D:3)
  2 adder skeletons (D:3)
  A dart slug (D:3)
  25 orcs
  26 ball pythons
  23 endoplasms
  15 giant cockroaches
  4 goblins
  8 hobgoblins
  10 jackals
  11 quokkas
  A ball python zombie (D:3)
  3 bats
  14 frilled lizards
  A jackal zombie (D:3)
  6 kobolds
  6 rats
219 creatures vanquished.

Notes
Turn   | Place    | Note
-------+----------+-------------------------------------------
     0 | D:1      | omnomnOMINOUS the Octopode Wanderer began the quest for the
                  | Orb.
     0 | D:1      | omnomnOMINOUS set off with the following items: a +2
                  | quarterstaff, a scroll of teleportation, a potion of
                  | lignification, a +0 dagger
     0 | D:1      | Reached XP level 1. HP: 14/14 MP: 1/1
   419 | D:1      | Reached XP level 2. HP: 17/19 MP: 2/2
   425 | D:1      | Reached skill level 1 in Dodging
   697 | D:1      | Found a faded altar of an unknown god.
   712 | D:1      | Became a worshipper of Fedhas Madash
   712 | D:1      | Reached * piety under Fedhas
   857 | D:1      | Reached XP level 3. HP: 24/24 MP: 3/3
  1242 | D:2      | Reached skill level 4 in Staves
  1413 | D:2      | Reached ** piety under Fedhas
  1612 | D:2      | Reached XP level 4. HP: 28/29 MP: 4/4
  2050 | D:3      | Reached skill level 5 in Staves
  2050 | D:3      | Reached XP level 5. HP: 18/34 MP: 5/5
  2248 | D:3      | Found a stormy altar of Qazlal.
  2310 | D:3      | Found an iron altar of Okawaru.
  2375 | D:3      | Found a snail-covered altar of Cheibriados.
  2744 | D:3      | Found an ornate altar of the Wu Jian Council.
  2766 | D:3      | Reached XP level 6. HP: 19/41 MP: 6/6
  3386 | D:4      | Found a glowing drain.
  3388 | D:4      | Noticed Dowan
  3389 | D:4      | Noticed Duvessa
  3395 | Sewer    | Entered a sewer
  3405 | Sewer    | Reached *** piety under Fedhas
  3415 | Sewer    | Reached skill level 6 in Staves
  3716 | Sewer    | Reached XP level 7. HP: 36/46 MP: 7/7
  3722 | Sewer    | Reached **** piety under Fedhas
  4657 | D:4      | Gained mutation: You have very sharp teeth. [potion of
                  | mutation]
  4657 | D:4      | Gained mutation: You have hidden genetic potential. [potion
                  | of mutation]
  4657 | D:4      | Gained mutation: Your mind is acute. (Int +2) [potion of
                  | mutation]
  4657 | D:4      | Gained mutation: Your mind is very acute. (Int +4) [potion
                  | of mutation]
  4665 | D:4      | Killed Duvessa
  4675 | D:4      | Killed Dowan
  5072 | D:4      | Reached skill level 7 in Staves
  5084 | D:5      | Entered Level 5 of the Dungeon
  5668 | D:4      | Reached XP level 8. HP: 43/54 MP: 8/8
  6189 | D:4      | Reached ***** piety under Fedhas
  6225 | D:4      | Found a broken altar of Ashenzari.
  6393 | D:5      | Gained mutation: Your flesh is cold resistant. (rC+)
                  | [hidden potential]
  6804 | D:5      | Found a staircase to the Ecumenical Temple.
  6819 | Temple   | Entered the Ecumenical Temple
  7274 | D:5      | Reached skill level 8 in Staves
  7387 | D:5      | Reached skill level 5 in Dodging
  7470 | D:5      | Found a sparkling altar of Nemelex Xobeh.
  7551 | D:5      | Reached skill level 5 in Fighting
  8895 | D:6      | Found a sacrificial altar of Ru.
  9979 | D:7      | Reached XP level 9. HP: 31/61 MP: 4/9
 10137 | D:7      | You fall into a shaft and drop 3 floors!
 10137 | D:10     | Entered Level 10 of the Dungeon
 10148 | D:10     | Reached skill level 9 in Staves
 10154 | D:10     | Gained mutation: You passively dampen the noise of your
                  | surroundings. [hidden potential]
 10154 | D:10     | Lost mutation: You have hidden genetic potential. [hidden
                  | potential expressed]
 10829 | D:10     | Found a staircase to the Orcish Mines.
 10943 | D:9      | Found a shimmering altar of Xom.
 10949 | D:8      | Noticed a two-headed ogre
 10993 | D:8      | Noticed Maurice
 11199 | D:7      | Noticed Maggie
 11882 | D:7      | Learned a level 2 spell: Searing Ray
 11935 | D:7      | Slain by an orc

Illustrated notes

Levels and vault maps discovered:
D:1:      minmay_arrival_loop, layout_loops_ring,
          hellmonk_ecumenical_altar_dog_temple
D:2:      layout_rooms
D:3:      layout_loops_corners, nicolae_overflow_crystal_walls,
          grunt_temple_overflow_open, lemuel_tele_altar, serial_undead,
          serial_undead_a, serial_undead_f, serial_undead_b, serial_undead_a,
          grunt_decor_mini_mirrors
D:4:      layout_loops_corners, general_overflow_altar, portal_sewer_entry_a,
          uniq_duvessa
D:5:      layout_gridville, mainiacjoe_overflow_small_starburst,
          minmay_temple_entry_mini_moons
D:6:      layout_layer_cave, nicolae_ru_awakened_eye
D:7:      kennysheep_big_flooded_room, layout_rooms,
          lemuel_zombie_altar_kikubaaqudgha, uniq_maggie
D:8:      layout_basic, lemuel_round_altar, mainiacjoe_overflow_brackets,
          lair_entry_dummy, uniq_maurice
D:9:      layout_loops_ring, xom_butterflies, serial_shops,
          nicolae_shop_behind_doors, lemuel_flamethrower_2
D:10:     layout_cross, orc_0_dummy, kennysheep_crisscross
Temple:   chequers_temple_sunken

Skill      XL: |  1  2  3  4  5  6  7  8  9 |
---------------+----------------------------+-----
Dodging        | 1 2 3 4 5 6 |  6.1
Staves         | 4 5 6 7 8 9 |  9.6
Fighting       | 3 4 5 6 |  6.1
Bows           | |  2.0
Stealth        | |  4.0
Spellcasting   | |  0.3
Conjurations   | |  0.6

Action                   |  1- 3 |  4- 6 |  7- 9 || total
-------------------------+-------+-------+-------++-------
Melee: Quarterstaff      |    69 |   139 |   303 ||   511
       Constrict         |    14 |    25 |    41 ||    80
       Tentacles         |     8 |    27 |    43 ||    78
       Bite              |       |       |    21 ||    21
  Use: Potion            |       |       |     9 ||     9
       Scroll            |       |       |     4 ||     4
 Stab: Sleeping          |    16 |    10 |     9 ||    35
       Distracted        |       |       |     2 ||     2
Armor: Skin              |     4 |     4 |    36 ||    44
Dodge: Dodged            |    28 |    75 |   183 ||   286
Block: Other             |       |    34 |    45 ||    79

Table legend: (Time is in decaauts)
 A = Elapsed time spent in this place.
 B = Non-inter-level travel time spent in this place.
 C = Inter-level travel time spent in this place.
 D = Time resting spent in this place.
 E = Time spent auto-exploring this place.
 F = Levels seen in this place.
 G = Mean time per level.
                   A        B        C        D        E       F      G
               +--------+--------+--------+--------+--------+-----+--------+
         Total |  11930 |  11612 |    318 |   3608 |   6093 |  12 |  994.2 |
       Dungeon |  10537 |  10259 |    278 |   3452 |   5155 |  10 | 1053.7 |
        Temple |    446 |    406 |     40 |      0 |    398 |   1 |  446.0 |
         Sewer |    946 |    946 |      0 |    156 |    540 |   1 |  946.0 |
               +--------+--------+--------+--------+--------+-----+--------+

Top non-repeatable levels by time:
     D:4: 1862 daAuts
     D:3: 1822 daAuts
     D:6: 1750 daAuts
     D:5: 1384 daAuts
     D:1: 1180 daAuts
   Sewer: 946 daAuts
     D:7: 841 daAuts
    D:10: 772 daAuts
     D:2: 639 daAuts
  Temple: 446 daAuts
     D:8: 246 daAuts
     D:9: 38 daAuts
